 Dungeon Sprint DCSS version 0.31-a0-424-g41b3b0883d (webtiles) character file.

Game seed: 11036408242200078193

5094 Conn the Sage (level 10, -10/60 HPs)
             Began as an Octopode Fire Elementalist on July 30, 2023.
             Was a High Priest of Sif Muna.
             Engulfed by a cloud of flame (27 damage)
             ... in the Dungeon (Sprint IV: "Fedhas' Mad Dash").
             The game lasted 00:16:20 (2813 turns).

Conn the Sage (Octopode Fire Elementalist)          Turns: 2813, Time: 00:16:21

Health: -10/60     AC:  1    Str:  8    XL:     10   Next: 57%
Magic:  12/25      EV: 16    Int: 21    God:    Sif Muna [*****.]
Gold:   220        SH:  0    Dex: 13    Spells: 17/31 levels left

rFire   . . .        m - staff of cold
rCold   + . .        (no shield)
rNeg    . . .        (helmet restricted)
rPois   .            h - amulet of invisibility {+Inv}
rElec   .            (no ring)
rCorr   .            (no ring)
SInv    .            (no ring)
Will    .....        (no ring)
Stlth   ++++         (no ring)
HPRegen 0.30/turn    (no ring)
MPRegen 0.19/turn    (no ring)
                     (no ring)

%: no teleportation
@: lethally poisoned (-10 -> -21), slowed, very slow
A: almost no armour, amphibious, 8 rings, camouflage 1, gelatinous body 1,
(nimble swimmer 1), tentacles
a: Renounce Religion, Evoke Invisibility, Channel Magic, Forget Spell, Divine
Exegesis


You were in the Dungeon.
You worshipped Sif Muna.
Sif Muna was extremely pleased with you.
You visited 1 branch You collected 220 gold pieces.

Inventory:

Hand Weapons
 j - a +0 short sword
 l - a +5 spear of flaming
Magical Staves
 m - a staff of cold (weapon)
 n - a staff of earth
Jewellery
 h - the amulet of invisibility (around mantle) {+Inv}
   (You found it in the Dungeon)

   [amulet of nothing]

   +Inv:      It lets you turn invisible.
Scrolls
 f - 2 scrolls of blinking
 g - a scroll of fear
 k - a scroll of identify {unknown}
Potions
 a - 3 potions of magic
 b - a potion of curing
 c - a potion of heal wounds
 d - a potion of haste
 e - a potion of berserk rage
 i - a potion of might


   Skills:
 * Level 2.1 Fighting
 + Level 7.2 Dodging
 + Level 5.4 Stealth
 - Level 0.1 Unarmed Combat
 + Level 11.3 Spellcasting
 + Level 5.3 Conjurations
 + Level 4.8 Hexes
 + Level 12.2 Fire Magic
 + Level 15.5 Invocations
 - Level 2.6 Evocations


You had 17 spell levels left.
You knew the following spells:

 Your Spells              Type           Power      Damage    Failure   Level
a - Foxfire               Conj/Fire      100%       2x1d9     1%          1
b - Scorch                Fire           100%       2d9       1%          2
c - Inner Flame           Hex/Fire       47%        N/A       1%          3
d - Flame Wave            Conj/Fire      48%        2d12      1%          4
e - Slow                  Hex            100%       N/A       1%          1
f - Volatile Blastmotes   Fire/Tloc      74%        2d16      1%          3

Your spell library contained the following spells:

 Spells                   Type           Power      Damage    Failure   Level
 Tukima's Dance           Hex            32%        N/A       2%          3
 Anguish                  Hex/Necr       11%        N/A       21%         4
 Yara's Violent Unravell  Hex/Tmut       11%        3d6       50%         5
 Haunt                    Necr/Summ      5%         N/A       100%        7
 Chain Lightning          Conj/Air       11%        3d15      100%        9
 Fire Storm               Conj/Fire      24%        8d6       100%        9
 Shatter                  Erth           5%         3d8*      100%        9


Dungeon Overview and Level Annotations

Branches:
Dungeon (1/1)

Altars:
Cheibriados
Dithmenos
Elyvilon
Gozag
Hepliaklqana
Kikubaaqudgha
Makhleb
Nemelex Xobeh
Okawaru
Qazlal
Ru
Sif Muna
Trog
Uskayaw
Vehumet
Wu Jian
Xom
Yredelemnul
Zin
The Shining One
Jiyva
Lugonu

Shops:
D !((!


Innate Abilities, Weirdness & Mutations

You cannot wear most types of armour.
You are amphibious.
You can wear up to eight rings at the same time.
Your skin changes colour to match your surroundings (Stealth+).
Your rubbery body absorbs attacks. (AC +1, EV +1)
((You are camouflaged when in or above water. (Stealth+)))
You have tentacles for arms and can constrict up to eight enemies at once.


Message History

The spriggan is engulfed in blazing flames.
Flame seeps out of the spriggan.
Casting: Scorch (safe; 1% risk of failure)
Confirm with . or Enter, or press ? or * to list all spells.
Okay, then.
Unknown command.
Unknown command.
Unknown command.
Casting: Scorch (safe; 1% risk of failure)
Confirm with . or Enter, or press ? or * to list all spells.
Casting: Flame Wave (dangerous; 1% risk of failure)
Press: ? - help, Dir - look around, f - activate A wave of flame ripples out! (Press . to intensify the flame waves.)
The spriggan rider throws a curare-tipped dart.
The curare-tipped dart hits you.
You are poisoned.
You have difficulty breathing.
You feel yourself slow down. The spriggan barely misses you.
A wave of flame ripples out!
The flame wave engulfs the spriggan!
The spriggan is burned terribly!
Sif Muna accepts your kill.
Sif Muna will now gift you books as you gain piety.
The flame wave engulfs the spriggan rider!!
The spriggan rider is moderately wounded.
The flame wave engulfs the spriggan!
The spriggan is moderately wounded.
The spriggan explodes!
The fiery explosion engulfs you!!!
Ouch! That really hurt!
* * * LOW HITPOINT WARNING * * *
The fiery explosion engulfs the spriggan!!!
You kill the spriggan!
Sif Muna accepts your kill.
The fiery explosion engulfs the spriggan rider!!!
You kill the spriggan!
Sif Muna accepts your kill.
The hornet is almost dead.
You are engulfed in blazing flames.
You die...

####################
_.⌠.#.(')..#....##∩#
._..'..#[..#....'..#
_...#..###'##.(.##∩#
._..#..##∩∩.'...#### .
_.⌠.############# ##...
#########....).###y°...♣
###.'..'......['@§§..♣
##..#..#.P.....#######
###.##+##.P....# '...#
######## #####


You could see a hornet.

Vanquished Creatures
  A demonic crawler (D)
  A spriggan druid (D)
  6 oklob plants (D)
  3 burning bushes (D)
  A queen bee (D)
  3 wandering mushrooms (D)
  3 scorpions (D)
  4 killer bees (D)
  5 oklob saplings (D)
  5 spriggans (D)
  A river rat (D)
  A rat (D)
  A ballistomycete spore (D)
35 creatures vanquished.

Vanquished Creatures (collateral kills)
  3 foxfires (D)
3 creatures vanquished.

Vanquished Creatures (others)
  30 foxfires (D)
30 creatures vanquished.

Grand Total: 68 creatures vanquished

Notes
Turn   | Place    | Note
-------+----------+-------------------------------------------
     0 | D        | Conn the Octopode Fire Elementalist began the quest for the
                  | Orb.
     0 | D        | Reached XP level 1. HP: 11/11 MP: 3/3
    38 | D        | Reached XP level 2. HP: 17/17 MP: 1/5
    76 | D        | Noticed an oklob sapling
    79 | D        | Noticed a scorpion
    79 | D        | Found the amulet of invisibility {+Inv}
    84 | D        | Learned a level 2 spell: Scorch
    90 | D        | Killed a scorpion
    91 | D        | Reached skill level 5 in Fire Magic
    91 | D        | Reached XP level 3. HP: 12/21 MP: 0/8
    91 | D        | Reached XP level 4. HP: 16/27 MP: 0/10
   200 | D        | Found an opulent altar of Gozag.
   200 | D        | Found a hazy altar of Hepliaklqana.
   200 | D        | Found a burning altar of Makhleb.
   200 | D        | Found a sparkling altar of Nemelex Xobeh.
   200 | D        | Found a snail-covered altar of Cheibriados.
   200 | D        | Found a sacrificial altar of Ru.
   200 | D        | Found a shimmering blue altar of Sif Muna.
   200 | D        | Found a shimmering altar of Xom.
   200 | D        | Found a basalt altar of Yredelemnul.
   201 | D        | Found a viscous altar of Jiyva.
   201 | D        | Found a bloodstained altar of Trog.
   201 | D        | Found an ornate altar of the Wu Jian Council.
   201 | D        | Noticed an oklob sapling priest
   224 | D        | Found an iron altar of Okawaru.
   224 | D        | Found a glowing silver altar of Zin.
   224 | D        | Found a shadowy altar of Dithmenos.
   225 | D        | Found a hide-covered altar of Uskayaw.
   225 | D        | Found an ancient bone altar of Kikubaaqudgha.
   226 | D        | Found a stormy altar of Qazlal.
   226 | D        | Found a glowing golden altar of the Shining One.
   226 | D        | Found a white marble altar of Elyvilon.
   227 | D        | Found a radiant altar of Vehumet.
   227 | D        | Found a corrupted altar of Lugonu.
   229 | D        | Became a worshipper of Sif Muna the Loreminder
   326 | D        | Learned a level 3 spell: Inner Flame
   328 | D        | Killed an oklob sapling priest
   329 | D        | Reached skill level 5 in Spellcasting
   329 | D        | Reached skill level 1 in Evocations
   329 | D        | Reached XP level 5. HP: 31/31 MP: 3/13
   416 | D        | Learned a level 4 spell: Flame Wave
   427 | D        | Reached skill level 1 in Invocations
   497 | D        | Reached * piety under Sif Muna
   498 | D        | Reached skill level 2 in Invocations
   504 | D        | Reached skill level 3 in Invocations
   504 | D        | Reached XP level 6. HP: 37/37 MP: 5/16
   588 | D        | Found Noozxehi's Antique Weapon Shop.
   588 | D        | Found Rinas's Distillery.
   595 | D        | Noticed a burning bush
   595 | D        | Noticed a wandering mushroom
   601 | D        | Killed a wandering mushroom
   601 | D        | Reached ** piety under Sif Muna
   602 | D        | Reached skill level 5 in Invocations
   602 | D        | Reached XP level 7. HP: 31/42 MP: 11/18
   602 | D        | Noticed a wandering mushroom
   608 | D        | Reached skill level 1 in Hexes
   613 | D        | Killed a wandering mushroom
   614 | D        | Reached skill level 10 in Fire Magic
   614 | D        | Reached skill level 6 in Invocations
  1150 | D        | Killed a burning bush
  1151 | D        | Reached skill level 7 in Invocations
  1151 | D        | Reached XP level 8. HP: 22/47 MP: 9/21
  1156 | D        | Found Sinocs's Distillery.
  1156 | D        | Found Loopnyba's Weapon Shoppe.
  1316 | D        | Noticed a queen bee
  1325 | D        | Killed a queen bee
  1325 | D        | Reached *** piety under Sif Muna
  1326 | D        | Reached skill level 10 in Spellcasting
  1326 | D        | Reached skill level 9 in Invocations
  1327 | D        | Reached **** piety under Sif Muna
  1328 | D        | Reached skill level 10 in Invocations
  1412 | D        | Noticed an oklob plant
  1421 | D        | Killed an oklob plant
  1422 | D        | Reached skill level 11 in Invocations
  1422 | D        | Reached XP level 9. HP: 52/52 MP: 5/23
  1520 | D        | Noticed a burning bush
  1837 | D        | Killed a burning bush
  1838 | D        | Reached skill level 12 in Invocations
  1942 | D        | Noticed a burning bush
  1942 | D        | Noticed an oklob plant
  2101 | D        | Killed a burning bush
  2102 | D        | Reached skill level 5 in Dodging
  2102 | D        | Reached skill level 13 in Invocations
  2165 | D        | Noticed a wandering mushroom
  2173 | D        | Killed an oklob plant
  2174 | D        | Reached skill level 5 in Stealth
  2174 | D        | Reached skill level 14 in Invocations
  2174 | D        | Killed a wandering mushroom
  2174 | D        | Reached ***** piety under Sif Muna
  2174 | D        | Received a gift from Sif Muna
  2265 | D        | Got Viyjo's Tome of Unlucky Despicable Rituals {god gift}
  2268 | D        | Learned a level 1 spell: Slow
  2272 | D        | Learned a level 3 spell: Volatile Blastmotes
  2353 | D        | Noticed a spriggan druid
  2355 | D        | Killed a spriggan druid
  2356 | D        | Reached skill level 15 in Invocations
  2356 | D        | Reached XP level 10. HP: 57/57 MP: 13/24
  2438 | D        | Noticed an oklob plant conjurer
  2443 | D        | Killed an oklob plant conjurer
  2444 | D        | Reached skill level 5 in Conjurations
  2505 | D        | Noticed an oklob plant
  2505 | D        | Noticed an oklob plant summoner
  2506 | D        | Noticed an oklob plant shifter
  2517 | D        | Killed an oklob plant
  2623 | D        | Killed an oklob plant summoner
  2628 | D        | Killed an oklob plant shifter
  2744 | D        | Noticed a demonic crawler
  2750 | D        | Killed a demonic crawler
  2808 | D        | Noticed a spriggan rider
  2813 | D        | Engulfed by a cloud of flame

Illustrated notes

Levels and vault maps discovered:
D:        dungeon_sprint_fedhas [sprint_temple]

Skill      XL: |  1  2  3  4  5  6  7  8  9 10 |
---------------+-------------------------------+-----
Stealth        | 3 4 5 |  5.4
Fire Magic     | 4 5 6 8 9 10 11 12 | 12.2
Spellcasting   | 4 5 7 8 9 10 11 | 11.3
Conjurations   | 2 3 4 5 |  5.3
Dodging        | 3 4 6 7 |  7.2
Evocations     | 1 2 |  2.6
Invocations    | 3 5 7 11 15 | 15.5
Hexes          | 1 2 4 |  4.8
Fighting       | 2 |  2.1
Unarmed Combat | |  0.1

Action                     |  1- 3 |  4- 6 |  7- 9 | 10-12 || total
---------------------------+-------+-------+-------+-------++-------
  Melee: Unarmed           |     9 |       |       |       ||     9
         Constrict         |     4 |       |       |       ||     4
         Tentacles         |     3 |       |       |       ||     3
   Cast: Foxfire           |     4 |     4 |    10 |       ||    18
         Scorch            |     2 |    15 |    90 |    24 ||   131
         Inner Flame       |       |     3 |     4 |     5 ||    12
         Flame Wave        |       |       |     5 |     1 ||     6
         Fire Storm        |       |       |       |     1 ||     1
 Invoke: Divine Exegesis   |       |       |       |     1 ||     1
Ability: Evoke Invisibilit |       |     7 |     7 |     4 ||    18
    Use: Scroll            |       |       |       |     1 ||     1
         Potion            |       |       |       |     1 ||     1
  Dodge: Dodged            |     7 |       |     7 |     1 ||    15

Table legend: (Time is in decaauts)
 A = Elapsed time spent in this place.
 B = Non-inter-level travel time spent in this place.
 C = Inter-level travel time spent in this place.
 D = Time resting spent in this place.
 E = Time spent auto-exploring this place.
 F = Levels seen in this place.
 G = Mean time per level.
                   A        B        C        D        E       F      G
               +--------+--------+--------+--------+--------+-----+--------+
         Total |   2811 |   2811 |      0 |   2153 |      0 |   1 | 2811.0 |
       Dungeon |   2811 |   2811 |      0 |   2153 |      0 |   1 | 2811.0 |
               +--------+--------+--------+--------+--------+-----+--------+

Top non-repeatable levels by time:
       D: 2811 daAuts
